AoeStats
← Aloxen

Arena

510414883Analyzed
1v1 RM · 1d ago on Sep 30, 2026· 33m 36s· 2 players
Game mode
Random Map
Map size
Tiny (2 player)
Population
200
Speed
Normal
Resources
Standard
Victory
Conquest
Starting age
Dark Age
Ending age
Imperial Age
RankedLock teamsTeams togetherTeam positionsShared explorationLock speedFull tech treeHidden civsTurbo modeCheats
Victory
Defeat
🇺🇸 Mongols · United States
1207
+17
🇪🇸 Spanish · Spain
1229
-17
stiks510
10:20 Feudal Age
15:22 Castle Age
13:07 Loom
13:55 Double-Bit Axe
14:43 Fletching
15:54 Elite Skirmisher
16:38 Bodkin Arrow
23:27 Loom
25:37 Padded Archer Armor
28:19 Imperial Age
31:19 Leather Archer Armor
31:43 Scale Barding Armor
Aloxen
7:29 Loom
9:52 Feudal Age
13:45 Castle Age
14:58 Double-Bit Axe
20:29 Fletching
22:53 Bodkin Arrow
23:31 Town Watch
29:54 Imperial Age
29:44 Bloodlines
Connection lost

Rejoining the realm…

Still unreachable

The connection could not be restored.

Session expired

The server has moved on; the page needs a fresh start.